[Event "Gibraltar Masters 18th"]
[Site "Gibraltar"]
[Date "2020.01.26"]
[Round "6.56"]
[White "Melia, Salome"]
[Black "Quintiliano Pinto, Renato R"]
[Result "0-1"]
[ECO "B96"]
[WhiteElo "2368"]
[BlackElo "2471"]
[PlyCount "190"]
[EventDate "2020.01.21"]
[EventType "swiss"]
[EventRounds "10"]
[EventCountry "GGB"]
[SourceTitle "BritBase"]
[Source "John Saunders"]
[SourceDate "2021.06.05"]
[SourceVersion "1"]
[SourceVersionDate "2021.06.05"]
[SourceQuality "1"]
[TimeControl "40/100:0"]
[WhiteClock "0:00:37"]
[BlackClock "0:13:48"]

1. e4 c5 2. Nf3 d6 3. d4 cxd4 4. Nxd4 Nf6 5. Nc3 a6 6. Bg5 e6 7. f4 Qc7 8. Bxf6 gxf6 9. Qd2 b5 10. a3 Bb7 11. O-O-O Nd7 12. Kb1 Rc8 13. Be2 h5 14. Rhf1 Nb6 15. Rf2 Qc5 16. Nb3 Qc7 17. Qd4 Be7 18. Bd3 Rg8 19. Rfd2 Nc4 20. Bxc4 bxc4 21. Nc1 Qc5 22. Qxc5 Rxc5 23. g3 h4 24. N1e2 f5 25. exf5 Rxf5 26. Rd4 d5 27. Re1 Rh5 28. Rdd1 hxg3 29. hxg3 Bc5 30. Rf1 Rh2 31. f5 Ke7 32. fxe6 fxe6 33. Nf4 Rxg3 34. Nfxd5+ exd5 35. Nxd5+ Ke6 36.
Rfe1+ Kf5 37. Ne7+ Kg4 38. Rd7 Bf2 39. Rc1 Be4 40. Nd5 Bd4 41.
Nb4 Bh8 42. Rc7 c3 43. bxc3 Bxc3 44. Rc4 Kf5 45. Rc5+ Ke6 46. Ra5 Bb7 47. Ra4 Be5 48. Re1 Rhh3 49. Nd3 Re3 50. Rxe3 Rxe3 51. Nxe5 Kxe5 52. Kb2 Kd6 53. Rc4 Bc6 54. Rc3 Re8 55. Rd3+ Kc5 56. Rc3+ Kb6 57. Rb3+ Ka5 58. Rc3 Bb5 59. Rb3 Ba4 60. Rc3 Rb8+ 61. Kc1 Rb7 62. Rc4 Bd7 63. Rd4 Be6 64. Re4 Bf5 65. Rc4 Bh7 66. Rc6 Kb5 67. Rc3 Ka4 68. Rc6 a5 69. Rc5 Bg8 70. Kd2 Rb1 71. Rg5 Be6 72. Re5 Bd7 73. Re3 Bb5 74. Rg3 Ra1 75. Rf3 Ba6 76. Rf6 Bb5 77. Rf3 Bc6 78. Rc3 Ba8 79. Rc8 Bh1 80. Rc3 Rxa3 81. Rc4+ Kb5 82. Rh4 Bd5 83. Kc1 Rg3 84. Rh5 Kc5 85. Rf5 a4 86. Rf1 Bc4 87. Rh1 Kb4 88.
Kb2 Rg2 89. Re1 Bd3 90. Rc1 Bg6 91. Ka1 Bxc2 92. Rh1 Bb3 93.
Re1 Ka3 94. Rc1 Bc2 95. Re1 Bd3 0-1

[Event "Gibraltar Masters 18th"]
[Site "Gibraltar"]
[Date "2020.01.26"]
[Round "6.57"]
[White "De Haan, Eric"]
[Black "Paehtz, Elisabeth"]
[Result "1-0"]
[ECO "D43"]
[WhiteElo "2308"]
[BlackElo "2467"]
[PlyCount "93"]
[EventDate "2020.01.21"]
[EventType "swiss"]
[EventRounds "10"]
[EventCountry "GGB"]
[SourceTitle "BritBase"]
[Source "John Saunders"]
[SourceDate "2021.06.05"]
[SourceVersion "1"]
[SourceVersionDate "2021.06.05"]
[SourceQuality "1"]
[TimeControl "40/100:0"]

1. d4 d5 2. c4 e6 3. Nc3 c6 4. Nf3 Nf6 5. Bg5 h6 6. Bh4 dxc4 7. e4 g5 8. Bg3 b5 9. h4 g4 10. Ne5 Rg8 11. h5 Qa5 12. Qc2 Nfd7 13. O-O-O Nxe5 14. Bxe5 Nd7 15. Bf4 e5 16. Be3 Bb7 17. dxe5 Nxe5 18. f4 Nd7 19. e5 O-O-O 20. Be2 Bc5 21. Bxc5 Nxc5 22. Qf5+ Kb8 23. Qxf7 Rdf8 24. Qe7 b4 25. Bxc4 bxc3 26. Bxg8 cxb2+ 27. Kb1 Rxg8 28. Qd6+ Ka8 29. Qd2 Qa6 30. f5 Ne4 31. Qc2 c5 32. Rhe1 Qc6 33. f6 a6 34. Qc4 Rf8 35.
f7 Bc8 36. Qxe4 Qxe4+ 37. Rxe4 Bf5 38. e6 Bxe4+ 39. Kxb2 Bc6 40. Rd8+ Rxd8 41. e7 Re8 42. f8=Q Kb7 43. Kc3 Kc7 44. Qf4+ Kd7 45. Qxg4+ Kxe7 46. Qg7+ Kd8 47. Qxh6 1-0

[Event "Gibraltar Masters 18th"]
[Site "Gibraltar"]
[Date "2020.01.27"]
[Round "7.1"]
[White "Wang, Hao"]
[Black "Praggnanandhaa, Rameshbabu"]
[Result "1-0"]
[ECO "A28"]
[WhiteElo "2758"]
[BlackElo "2602"]
[PlyCount "111"]
[EventDate "2020.01.21"]
[EventType "swiss"]
[EventRounds "10"]
[EventCountry "GGB"]
[SourceTitle "BritBase"]
[Source "John Saunders"]
[SourceDate "2021.06.05"]
[SourceVersion "1"]
[SourceVersionDate "2021.06.05"]
[SourceQuality "1"]
[TimeControl "40/100:0"]
[WhiteClock "0:21:18"]
[BlackClock "0:37:13"]

1. c4 e5 2. Nc3 Nf6 3. Nf3 Nc6 4. e3 Bb4 5. Qc2 Bxc3 6. bxc3 d6 7. e4 O-O 8. g3 Nd7 9. Bg2 Nc5 10. Nh4 a6 11. O-O b5 12. d4 exd4 13.
cxd4 Nxd4 14. Qb2 Nc6 15. e5 Bd7 16. exd6 cxd6 17. Qd2 Rc8 18.
cxb5 Ne5 19. bxa6 Bb5 20. Rd1 Ba4 21. Re1 Ncd3 22. Rf1 Rc2 23.
Qe3 Nc5 24. a7 Bc6 25. Bxc6 Nxc6 26. Qf3 Nd4 27. Qd5 Ne2+ 28. Kg2 Nc3 29. Qf3 Qa8 30. Nf5 Qxa7 31. Bf4 Ne6 32. Bxd6 Ng5 33. Qc6 Qa8 34. Qxa8 Rxa8 35. a3 Nge4 36. Rac1 Rxc1 37. Rxc1 g6 38. Ne7+ Kf8 39. Nxg6+ Kg7 40. Nh4 Nxd6 41. Rxc3 Nb5 42. Rc6 Nxa3 43. Nf5+ Kg8 44. Rc7 Rf8 45. Kf3 Nb1 46. Ke3 Re8+ 47. Kf4 Nd2 48. f3 Rf8 49. h4 Kh8 50. h5 Kg8 51. g4 Kh8 52. g5 Kg8 53. Nh6+ Kg7 54. Kg4 Nf1 55.
Nf5+ Kg8 56. Rd7 1-0

[Event "Gibraltar Masters 18th"]
[Site "Gibraltar"]
[Date "2020.01.27"]
[Round "7.2"]
[White "Pichot, Alan"]
[Black "Maghsoodloo, Parham"]
[Result "0-1"]
[ECO "C07"]
[WhiteElo "2606"]
[BlackElo "2674"]
[PlyCount "106"]
[EventDate "2020.01.21"]
[EventType "swiss"]
[EventRounds "10"]
[EventCountry "GGB"]
[SourceTitle "BritBase"]
[Source "John Saunders"]
[SourceDate "2021.06.05"]
[SourceVersion "1"]
[SourceVersionDate "2021.06.05"]
[SourceQuality "1"]
[TimeControl "40/100:0"]
[WhiteClock "0:15:30"]
[BlackClock "0:36:35"]

1. e4 e6 2. d4 d5 3. Nd2 c5 4. Ngf3 cxd4 5. Nxd4 Nf6 6. exd5 Nxd5 7. N2f3 Be7 8. g3 O-O 9. Bg2 b5 10. O-O a6 11. c3 Bb7 12. a4 bxa4 13.
Qxa4 Nd7 14. Rd1 Qc8 15. Bg5 Bd6 16. Bd2 Re8 17. Rac1 a5 18.
Nb5 Bc5 19. Qh4 a4 20. c4 N5f6 21. Bc3 e5 22. Nd6 Bxd6 23. Rxd6 Ne4 24. Rdd1 Nxc3 25. Rxc3 Nc5 26. Rd5 f6 27. Nd2 Rb8 28. Qh5 g6 29. Qh4 Rf8 30. Qh6 Qc7 31. Qe3 Rfc8 32. b4 axb3 33. Rxc5 Qxc5 34. Qxc5 Rxc5 35. Rxb3 Rd8 36. Rxb7 Rxd2 37. Bd5+ Kh8 38. Rb8+ Kg7 39. Rb7+ Kh6 40. h4 Rc8 41. g4 Rd4 42. g5+ fxg5 43. hxg5+ Kxg5 44. Rxh7 Rf8 45. Re7 Rf5 46. Re6 Rd1+ 47. Kg2 Rd2 48. Kg3 Rdxf2 49. Be4 Re2 50. Bxf5 gxf5 51. Kf3 Re1 52. Kf2 Re4 53. c5 f4 0-1

[Event "Gibraltar Masters 18th"]
[Site "Gibraltar"]
[Date "2020.01.27"]
[Round "7.3"]
[White "Paravyan, David"]
[Black "Antipov, Mikhail Al."]
[Result "1-0"]
[ECO "E61"]
[WhiteElo "2629"]
[BlackElo "2562"]
[PlyCount "175"]
[EventDate "2020.01.21"]
[EventType "swiss"]
[EventRounds "10"]
[EventCountry "GGB"]
[SourceTitle "BritBase"]
[Source "John Saunders"]
[SourceDate "2021.06.05"]
[SourceVersion "1"]
[SourceVersionDate "2021.06.05"]
[SourceQuality "1"]
[TimeControl "40/100:0"]
[WhiteClock "0:00:41"]
[BlackClock "0:11:49"]

1. d4 Nf6 2. c4 g6 3. Nf3 Bg7 4. e3 O-O 5. Be2 d6 6. Nc3 Nbd7 7. e4 e5 8. O-O h6 9. Re1 c6 10. Bf1 Nh7 11. d5 c5 12. g3 Ng5 13. Nxg5 hxg5 14. g4 Nb8 15.
Bd3 Bf6 16. Kg2 Qd7 17. h3 Bd8 18. a3 a5 19. Bc2 Qe7 20.
Be3 Na6 21. Qd2 Bd7 22. Ba4 Bxa4 23. Nxa4 f6 24. Rh1 Rf7 25. f3 Rh7 26. Bf2 Qd7 27. b3 Rc8 28. Nc3 Nc7 29. h4 gxh4 30.
Rxh4 Rxh4 31. Bxh4 Ne8 32. Bg3 Qg7 33. Qd3 Ra8 34. Rh1 Be7 35.
f4 Bf8 36. Ne2 a4 37. Rb1 Qd7 38. f5 axb3 39. Qxb3 Bh6 40. Bf2 Bf4 41. Rh1 Qg7 42. Kf1 g5 43. Be1 Ra7 44. a4 Ra8 45. a5 Rd8 46. Kf2 Qc7 47.
Qh3 Qg7 48. Qb3 Qc7 49. Qh3 Qg7 50. Qh5 Kf8 51. Bc3 Rd7 52.
Rh3 Ke7 53. Qh8 Qxh8 54. Rxh8 Kf7 55. Rh7+ Ng7 56. Rh8 Ne8 57. Ke1 Rd8 58. Kd1 Kg7 59. Rh3 Ra8 60. Be1 Ra6 61. Rb3 Ra7 62. Kc2 Kf7 63. Kb2 Ke7 64. Rh3 Kf7 65. Rb3 Ke7 66. Ka3 Nc7 67. Ka4 Na8 68. Kb5 Kf8 69. Ra3 Ra6 70. Rh3 Kg7 71. Rb3 Ra7 72. Rb1 Be3 73. Ka4 Bd4 74. Bd2 Kf7 75. Nc1 Bf2 76. Rb3 Nc7 77. Nd3 Bd4 78. Ne1 Bf2 79. Nc2 Ke7 80. Na3 Kd7 81. Nb5 Ra8 82. Nc3 Ra7 83. Nd1 Bh4 84. Ne3 Ke7 85. Ng2 Kf7 86. Nxh4 gxh4 87. Be1 Na8 88. Kb5 1-0

[Event "Gibraltar Masters 18th"]
[Site "Gibraltar"]
[Date "2020.01.27"]
[Round "7.4"]
[White "Karthikeyan, Murali"]
[Black "Vachier-Lagrave, Maxime"]
[Result "1/2-1/2"]
[ECO "B90"]
[WhiteElo "2606"]
[BlackElo "2770"]
[PlyCount "60"]
[EventDate "2020.01.21"]
[EventType "swiss"]
[EventRounds "10"]
[EventCountry "GGB"]
[SourceTitle "BritBase"]
[Source "John Saunders"]
[SourceDate "2021.06.05"]
[SourceVersion "1"]
[SourceVersionDate "2021.06.05"]
[SourceQuality "1"]
[TimeControl "40/100:0"]
[WhiteClock "0:15:19"]
[BlackClock "0:50:42"]

1. e4 c5 2. Nf3 d6 3. d4 cxd4 4. Nxd4 Nf6 5. Nc3 a6 6. h3 e5 7. Nde2 h5 8. g3 Nbd7 9. a4 b6 10. Bg2 Bb7 11. O-O Be7 12. Nd5 Nxd5 13.
exd5 O-O 14. Nc3 h4 15. g4 Bg5 16. Be3 Rc8 17. Qd2 Bxe3 18.
fxe3 a5 19. Rf2 Nc5 20. Ne4 Nxe4 21. Bxe4 g6 22. b3 Qg5 23. Kh1 Kg7 24. Raf1 Rc7 25. c4 Bc8 26. Bc2 f6 27. e4 Qxd2 28.
Rxd2 Kh6 29. Rdf2 Rcf7 30. Kh2 Kg5 1/2-1/2

[Event "Gibraltar Masters 18th"]
[Site "Gibraltar"]
[Date "2020.01.27"]
[Round "7.5"]
[White "Sanal, Vahap"]
[Black "Alekseenko, Kirill"]
[Result "1/2-1/2"]
[ECO "B33"]
[WhiteElo "2569"]
[BlackElo "2704"]
[PlyCount "60"]
[EventDate "2020.01.21"]
[EventType "swiss"]
[EventRounds "10"]
[EventCountry "GGB"]
[SourceTitle "BritBase"]
[Source "John Saunders"]
[SourceDate "2021.06.05"]
[SourceVersion "1"]
[SourceVersionDate "2021.06.05"]
[SourceQuality "1"]
[TimeControl "40/100:0"]
[WhiteClock "0:56:56"]
[BlackClock "0:43:54"]

1. e4 c5 2. Nc3 Nc6 3. Nge2 Nf6 4. d4 cxd4 5. Nxd4 e5 6.
Ndb5 d6 7. Bg5 a6 8. Na3 b5 9. Nd5 Be7 10. Bxf6 Bxf6 11. c4 b4 12. Nc2 O-O 13. g3 a5 14. h4 g6 15. Bg2 Be6 16. O-O Bg7 17. Qd2 h5 18.
Rad1 Qb8 19. b3 Qb7 20. Kh1 a4 21. Ndxb4 axb3 22. axb3 Nxb4 23. Qxb4 Qxb4 24. Nxb4 Rab8 25. Nc6 Rxb3 26.
Rxd6 Bxc4 27. Rc1 Be6 28. Nd8 Bg4 29. Kg1 Bf6 30. Rxf6 Rxd8 1/2-1/2

[Event "Gibraltar Masters 18th"]
[Site "Gibraltar"]
[Date "2020.01.27"]
[Round "7.6"]
[White "Adams, Michael"]
[Black "Studer, Noel"]
[Result "1/2-1/2"]
[ECO "A20"]
[WhiteElo "2694"]
[BlackElo "2546"]
[PlyCount "89"]
[EventDate "2020.01.21"]
[EventType "swiss"]
[EventRounds "10"]
[EventCountry "GGB"]
[SourceTitle "BritBase"]
[Source "John Saunders"]
[SourceDate "2021.06.05"]
[SourceVersion "1"]
[SourceVersionDate "2021.06.05"]
[SourceQuality "1"]
[TimeControl "40/100:0"]
[WhiteClock "0:01:48"]
[BlackClock "0:02:39"]

1. c4 e5 2. g3 Nf6 3. Bg2 d5 4. cxd5 Nxd5 5. Nf3 Nc6 6. O-O Nb6 7. b3 Bd6 8. Nc3 O-O 9. d4 Bb4 10. Bb2 exd4 11. Nb5 d3 12. Qxd3 Qxd3 13. exd3 Nd5 14. Ne5 Nce7 15. a3 Ba5 16. Nc4 Bb6 17. Rac1 c6 18. Nbd6 Bc7 19. Rfe1 Rb8 20. Nxc8 Rfxc8 21. Bd4 Ra8 22. Bc5 Ng6 23. b4 Rd8 24. Na5 Bxa5 25. bxa5 b6 26. Be3 Rac8 27. Bxd5 Rxd5 28. axb6 axb6 29. Bxb6 Ne5 30. Re2 Nd7 31. Be3 Rxd3 32. Ra2 Nf6 33. a4 Nd5 34. Rd2 Rxd2 35. Bxd2 Kf8 36. Kf1 c5 37. Ke2 c4 38. a5 Ke7 39. a6 c3 40. Be3 Nxe3 41. Kxe3 c2 42. Kd2 Rc6 43. Ra1 c1=Q+ 44. Rxc1 Rxa6 45. Ke3 1/2-1/2

[Event "Gibraltar Masters 18th"]
[Site "Gibraltar"]
[Date "2020.01.27"]
[Round "7.7"]
[White "Cheparinov, Ivan"]
[Black "Ibarra Jerez, Jose Carlos"]
[Result "1/2-1/2"]
[ECO "B08"]
[WhiteElo "2686"]
[BlackElo "2548"]
[PlyCount "68"]
[EventDate "2020.01.21"]
[EventType "swiss"]
[EventRounds "10"]
[EventCountry "GGB"]
[SourceTitle "BritBase"]
[Source "John Saunders"]
[SourceDate "2021.06.05"]
[SourceVersion "1"]
[SourceVersionDate "2021.06.05"]
[SourceQuality "1"]
[TimeControl "40/100:0"]
[WhiteClock "0:03:27"]
[BlackClock "0:07:36"]

1. e4 Nc6 2. Nf3 d6 3. d4 Nf6 4. Nc3 g6 5. d5 Nb8 6. Be2 Bg7 7. O-O O-O 8. Re1 e5 9. dxe6 Bxe6 10. Nd4 Bd7 11. Bg5 h6 12. Be3 Re8 13. Qd2 Kh7 14. f3 Nc6 15. Nxc6 Bxc6 16. Bc4 Re7 17. a4 Qh8 18. Rad1 a6 19. Bf2 Rae8 20. a5 Kg8 21. Bd4 Nd7 22. Bxg7 Qxg7 23. b4 Nf6 24. Bd5 Nxd5 25. Nxd5 Bxd5 26. Qxd5 Rb8 27. Qc4 Qf6 28. Re3 Kg7 29. Rb3 Ra8 30. Qd5 Rb8 31. c4 Re5 32. Qd4 b6 33.
axb6 Rxb6 34. Rdd3 Re8 1/2-1/2

[Event "Gibraltar Masters 18th"]
[Site "Gibraltar"]
[Date "2020.01.27"]
[Round "7.8"]
[White "Adhiban, Baskaran"]
[Black "Werle, Jan"]
[Result "1/2-1/2"]
[ECO "C67"]
[WhiteElo "2654"]
[BlackElo "2545"]
[PlyCount "61"]
[EventDate "2020.01.21"]
[EventType "swiss"]
[EventRounds "10"]
[EventCountry "GGB"]
[SourceTitle "BritBase"]
[Source "John Saunders"]
[SourceDate "2021.06.05"]
[SourceVersion "1"]
[SourceVersionDate "2021.06.05"]
[SourceQuality "1"]
[TimeControl "40/100:0"]
[WhiteClock "1:04:42"]
[BlackClock "0:38:49"]

1. e4 e5 2. Nf3 Nc6 3. Bb5 Nf6 4. O-O Nxe4 5. Re1 Nd6 6.
Nxe5 Be7 7. Bf1 Nxe5 8. Rxe5 O-O 9. d4 Bf6 10. Re1 Re8 11.
Bf4 Rxe1 12. Qxe1 Ne8 13. Nc3 Bxd4 14. Nd5 d6 15. Bg5 f6 16. Bh4 Bxb2 17. Rb1 Be5 18. f4 c6 19. fxe5 cxd5 20. exf6 Nxf6 21. Bd3 Bd7 22. Qg3 Bc6 23. Bg5 h6 24. Bxh6 Qe7 25. Rf1 Rf8 26.
Bg5 Qe5 27. Bf4 Qd4+ 28. Be3 Qe5 29. Bf4 Qd4+ 30. Be3 Qe5 31.
Bf4 1/2-1/2

[Event "Gibraltar Masters 18th"]
[Site "Gibraltar"]
[Date "2020.01.27"]
[Round "7.10"]
[White "Gagare, Shardul"]
[Black "Donchenko, Alexander"]
[Result "1/2-1/2"]
[ECO "D38"]
[WhiteElo "2481"]
[BlackElo "2647"]
[PlyCount "58"]
[EventDate "2020.01.21"]
[EventType "swiss"]
[EventRounds "10"]
[EventCountry "GGB"]
[SourceTitle "BritBase"]
[Source "John Saunders"]
[SourceDate "2021.06.05"]
[SourceVersion "1"]
[SourceVersionDate "2021.06.05"]
[SourceQuality "1"]
[TimeControl "40/100:0"]
[WhiteClock "0:00:43"]
[BlackClock "0:13:50"]

1. d4 Nf6 2. c4 e6 3. Nf3 d5 4. Nc3 Bb4 5. Bg5 h6 6. Bxf6 Qxf6 7. Qb3 c5 8.
cxd5 exd5 9. a3 cxd4 10. axb4 dxc3 11. Qxc3 Nd7 12. Qxf6 Nxf6 13. e3 Ke7 14. Nd4 Be6 15. Bd3 a6 16. Kd2 Rhc8 17. Ra5 Rab8 18. f3 Nd7 19. f4 Nf6 20. Rc5 Kd6 21. Rhc1 Bd7 22. h3 g6 23. Nf3 Rd8 24. Ne5 Be8 25. Nf3 Nd7 26. R5c3 Nf6 27. Rc5 Nd7 28. R5c3 Nf6 29. Rc5 Nd7 1/2-1/2

[Event "Gibraltar Masters 18th"]
[Site "Gibraltar"]
[Date "2020.01.27"]
[Round "7.11"]
[White "Narayanan, SL."]
[Black "Khotenashvili, Bela"]
[Result "1/2-1/2"]
[ECO "B12"]
[WhiteElo "2637"]
[BlackElo "2446"]
[PlyCount "86"]
[EventDate "2020.01.21"]
[EventType "swiss"]
[EventRounds "10"]
[EventCountry "GGB"]
[SourceTitle "BritBase"]
[Source "John Saunders"]
[SourceDate "2021.06.05"]
[SourceVersion "1"]
[SourceVersionDate "2021.06.05"]
[SourceQuality "1"]
[TimeControl "40/100:0"]
[WhiteClock "0:48:02"]
[BlackClock "0:36:09"]

1. e4 c6 2. d4 d5 3. e5 Bf5 4. h4 h5 5. Bd3 Bxd3 6. Qxd3 Qa5+ 7. Nd2 e6 8.
Ngf3 Ne7 9. O-O Nf5 10. a4 Qa6 11. c4 Be7 12. b3 Nd7 13.
Ba3 c5 14. dxc5 Nxc5 15. Qb1 dxc4 16. Nxc4 b6 17. Rd1 O-O 18. Nd6 Bxd6 19. exd6 Rfd8 20. Ng5 Qe2 21. Bxc5 bxc5 22. Qe4 Qxe4 23. Nxe4 Rab8 24. d7 Nxh4 25. Nxc5 Nf5 26. Rac1 Kf8 27. Rc4 a5 28. b4 axb4 29. a5 b3 30. a6 Ke7 31. a7 Ra8 32. Ra4 e5 33.
f4 Nd4 34. Re1 Nc6 35. Ra6 Nxa7 36. Rxe5+ Kf8 37. Rxh5 Rab8 38.
Ra1 Nc6 39. Re1 g6 40. Rd5 b2 41. Rb1 Rb4 42. Nd3 Rd4 43. Rxd4 Nxd4 1/2-1/2

[Event "Gibraltar Masters 18th"]
[Site "Gibraltar"]
[Date "2020.01.27"]
[Round "7.12"]
[White "Mamedyarov, Shakhriyar"]
[Black "Muzychuk, Anna"]
[Result "1-0"]
[ECO "A34"]
[WhiteElo "2770"]
[BlackElo "2539"]
[PlyCount "59"]
[EventDate "2020.01.21"]
[EventType "swiss"]
[EventRounds "10"]
[EventCountry "GGB"]
[SourceTitle "BritBase"]
[Source "John Saunders"]
[SourceDate "2021.06.05"]
[SourceVersion "1"]
[SourceVersionDate "2021.06.05"]
[SourceQuality "1"]
[TimeControl "40/100:0"]
[WhiteClock "0:59:38"]
[BlackClock "0:00:48"]

1. Nf3 c5 2. c4 Nc6 3. Nc3 Nf6 4. e3 e5 5. d4 e4 6. Ne5 g6 7. g4 h6 8. Bg2 Bg7 9. h3 d5 10. cxd5 Nxd5 11. Nxe4 cxd4 12. exd4 O-O 13. O-O Re8 14. Re1 Nxe5 15. dxe5 Rxe5 16. Be3 Re8 17. Bxh6 Bxh6 18. Qxd5 Be6 19. Qxb7 Rb8 20. Qxa7 Rxb2 21. Rad1 Qh4 22. a4 Bg7 23. a5 Ra2 24. a6 Re7 25. Qc5 Rxa6 26. Rd8+ Bf8 27. Ng5 Ra2 28. Rf1 Kg7 29. Qe5+ Kg8 30. Qf6 1-0

[Event "Gibraltar Masters 18th"]
[Site "Gibraltar"]
[Date "2020.01.27"]
[Round "7.13"]
[White "Topalov, Veselin"]
[Black "Kotronias, Vasilios"]
[Result "1-0"]
[ECO "B51"]
[WhiteElo "2738"]
[BlackElo "2526"]
[PlyCount "129"]
[EventDate "2020.01.21"]
[EventType "swiss"]
[EventRounds "10"]
[EventCountry "GGB"]
[SourceTitle "BritBase"]
[Source "John Saunders"]
[SourceDate "2021.06.05"]
[SourceVersion "1"]
[SourceVersionDate "2021.06.05"]
[SourceQuality "1"]
[TimeControl "40/100:0"]
[WhiteClock "0:56:37"]
[BlackClock "0:03:37"]

1. e4 c5 2. Nf3 d6 3. Bb5+ Nd7 4. a4 Ngf6 5. Nc3 a6 6. Be2 b6 7. d4 cxd4 8. Qxd4 Bb7 9. O-O e6 10. Rd1 Qc7 11. Be3 Ng4 12. Bg5 Rc8 13.
h3 h6 14. Bh4 Nge5 15. Qe3 Qc5 16. Nd4 g5 17. Bg3 Be7 18. Ra3 h5 19. a5 b5 20. Na2 Qc7 21. Nb4 Nc5 22. Nxa6 Bxa6 23. b4 Ncd7 24. Nxb5 Bxb5 25. Bxb5 O-O 26. c4 h4 27. Bh2 Rfd8 28. Rc3 Nf8 29. f4 gxf4 30. Bxf4 Nfg6 31. Bh2 Bf6 32. Rc2 Rb8 33. Rf2 Qe7 34. a6 Rdc8 35. Kh1 Ra8 36. Qe2 Bg5 37. Rff1 Kg7 38. Rd4 Qc7 39. Qf2 Rd8 40. Rfd1 Qb6 41. Qe2 Bf4 42. Bg1 Qc7 43. c5 d5 44. exd5 Rxd5 45. Rxd5 exd5 46. Bd3 Nxd3 47. Qxd3 Be5 48. b5 Qa5 49. Qxd5 Re8 50. c6 Nf4 51. Qc4 Qa3 52. Bh2 Qe3 53. Rf1 Ne6 54. Qg4+ Ng5 55. Bxe5+ Qxe5 56. b6 Qb5 57. Qf4 Ne4 58. Qxf7+ Kh6 59. Qf4+ Kg6 60. Qg4+ Ng5 61. Rc1 Qa5 62. Qxh4 Qxb6 63. c7 Qxa6 64. Qg4 Rc8 65. h4 1-0

[Event "Gibraltar Masters 18th"]
[Site "Gibraltar"]
[Date "2020.01.27"]
[Round "7.14"]
[White "Hjartarson, Johann"]
[Black "Navara, David"]
[Result "0-1"]
[ECO "D45"]
[WhiteElo "2524"]
[BlackElo "2717"]
[PlyCount "68"]
[EventDate "2020.01.21"]
[EventType "swiss"]
[EventRounds "10"]
[EventCountry "GGB"]
[SourceTitle "BritBase"]
[Source "John Saunders"]
[SourceDate "2021.06.05"]
[SourceVersion "1"]
[SourceVersionDate "2021.06.05"]
[SourceQuality "1"]
[TimeControl "40/100:0"]
[WhiteClock "0:19:48"]
[BlackClock "0:36:32"]

1. d4 Nf6 2. c4 e6 3. Nf3 d5 4. Nc3 c6 5. e3 Nbd7 6. Qc2 Bd6 7. b3 O-O 8. Bb2 e5 9. cxd5 cxd5 10. Nb5 Bb4+ 11. Bc3 Bxc3+ 12. Qxc3 Ne4 13. Qc7 Qe7 14. a3 a6 15. Nc3 Nxc3 16. Qxc3 e4 17. Nd2 Qg5 18. g3 Nf6 19. Bg2 Qh5 20.
h3 Bd7 21. a4 Rac8 22. Qb2 Rc6 23. Rc1 Rxc1+ 24. Qxc1 Rc8 25. Qb2 b5 26. Bf1 bxa4 27. bxa4 Bxa4 28. Be2 Qf5 29. Bxa6 Rc2 30. Qa3 Qe6 31. Bb7 Qd7 32. Rf1 h6 33. Ba8 Bb5 34. Rg1 Qa7 0-1

[Event "Gibraltar Masters 18th"]
[Site "Gibraltar"]
[Date "2020.01.27"]
[Round "7.15"]
[White "Sadhwani, Raunak"]
[Black "Matlakov, Maxim"]
[Result "1/2-1/2"]
[ECO "E09"]
[WhiteElo "2522"]
[BlackElo "2698"]
[PlyCount "60"]
[EventDate "2020.01.21"]
[EventType "swiss"]
[EventRounds "10"]
[EventCountry "GGB"]
[SourceTitle "BritBase"]
[Source "John Saunders"]
[SourceDate "2021.06.05"]
[SourceVersion "1"]
[SourceVersionDate "2021.06.05"]
[SourceQuality "1"]
[TimeControl "40/100:0"]
[WhiteClock "0:30:34"]
[BlackClock "0:20:59"]

1. Nf3 d5 2. g3 Nd7 3. d4 Ngf6 4. Bg2 e6 5. c4 Be7 6. O-O O-O 7. Qc2 c6 8. Nbd2 b6 9. e4 dxc4 10. Nxc4 Bb7 11. Bg5 b5 12. Ncd2 c5 13. Bxf6 Bxf6 14. dxc5 Rc8 15. Nb3 Be7 16. Rfd1 Qe8 17. Na5 Nxc5 18. Nxb7 Nxb7 19. Qe2 a6 20. e5 Na5 21. Nd4 Bc5 22. Nb3 Nxb3 23. axb3 Qe7 24. Rxa6 b4 25. Be4 Rfd8 26. Raa1 g6 27. Kg2 Kg7 28. Rxd8 Rxd8 29. Rd1 Rxd1 30. Qxd1 Qc7 1/2-1/2

[Event "Gibraltar Masters 18th"]
[Site "Gibraltar"]
[Date "2020.01.27"]
[Round "7.16"]
[White "Jones, Gawain C B"]
[Black "Krysa, Leandro"]
[Result "1-0"]
[ECO "C41"]
[WhiteElo "2679"]
[BlackElo "2522"]
[PlyCount "63"]
[EventDate "2020.01.21"]
[EventType "swiss"]
[EventRounds "10"]
[EventCountry "GGB"]
[SourceTitle "BritBase"]
[Source "John Saunders"]
[SourceDate "2021.06.05"]
[SourceVersion "1"]
[SourceVersionDate "2021.06.05"]
[SourceQuality "1"]
[TimeControl "40/100:0"]
[WhiteClock "0:14:19"]
[BlackClock "0:03:46"]

1. e4 d6 2. d4 Nf6 3. Nc3 e5 4. Nf3 Nbd7 5. Bc4 Be7 6. O-O O-O 7. Re1 c6 8. a4 Qc7 9. h3 Re8 10. Ba2 h6 11. Be3 Nf8 12. Nh4 Ng4 13.
hxg4 Bxh4 14. d5 Qe7 15. b4 Qf6 16. dxc6 bxc6 17. b5 Qg6 18.
g5 Bxg5 19. bxc6 Be6 20. Bd5 Bxd5 21. exd5 f5 22. Bxg5 hxg5 23. g4 e4 24. gxf5 Qxf5 25. Nb5 Ng6 26. Nxd6 Qf4 27. Nxe8 Nh4 28. Qh5 Qf5 29. Ra3 g6 30. Nf6+ Qxf6 31. Qg4 Rf8 32. Qe6+ 1-0

[Event "Gibraltar Masters 18th"]
[Site "Gibraltar"]
[Date "2020.01.27"]
[Round "7.17"]
[White "Saric, Ivan"]
[Black "Henderson De La Fuente, Lance"]
[Result "1-0"]
[ECO "A21"]
[WhiteElo "2655"]
[BlackElo "2492"]
[PlyCount "99"]
[EventDate "2020.01.21"]
[EventType "swiss"]
[EventRounds "10"]
[EventCountry "GGB"]
[SourceTitle "BritBase"]
[Source "John Saunders"]
[SourceDate "2021.06.05"]
[SourceVersion "1"]
[SourceVersionDate "2021.06.05"]
[SourceQuality "1"]
[TimeControl "40/100:0"]
[WhiteClock "0:48:17"]
[BlackClock "0:42:07"]

1. c4 e5 2. Nc3 d6 3. g3 Be7 4. Bg2 f5 5. d3 Nf6 6. f4 O-O 7. Nf3 exf4 8. gxf4 c6 9. O-O Na6 10. Kh1 Re8 11. Rb1 Nc7 12. b4 Bd7 13. b5 Bf8 14. bxc6 Bxc6 15. Qc2 Rc8 16. d4 Be4 17. Nxe4 fxe4 18. Ng5 d5 19.
c5 h6 20. Nh3 b6 21. cxb6 Na8 22. Qa4 Nxb6 23. Qxa7 Nc4 24. Qa4 Ra8 25. Qb3 Bd6 26. Nf2 Qa5 27. Ra1 Rab8 28. Qh3 Qa7 29. e3 h5 30. Rg1 Qa5 31. Nd1 Bb4 32. a3 Bf8 33. Bf1 Qa4 34. Be2 Qc2 35. Bxh5 Nxh5 36. Qxh5 Red8 37. a4 Rb6 38. h3 Ra6 39. Rg2 Qb3 40. Kh2 Rxa4 41. Rxa4 Qxa4 42. Nf2 Qe8 43. Rg6 Qa4 44. Ng4 Qc2+ 45. Kg3 Qxc1 46. Nf6+ Kf7 47. Rh6+ Ke6 48. Qg4+ Kd6 49. Ne8+ Ke7 50. Qe6# 1-0